Map: Cactus Valley LE

Players

Wintersc2 (Winter)

  • Race: Terran Terran
  • Spawn Location: 1:00

DeMusliM - Winner!

  • Race: Protoss Protoss
  • Spawn Location: 7:00

VOD

Have the link to the VOD?

Description

Time

  • Played on: April 3, 2015, 6:09 a.m.
  • Length: 15:26
Show
View Real Time Build Order
Export as new Build Order

Wintersc2 Terran 

Build Orders: Mech, Banshee Rush 

Get SALT Encoding   

  12  0:01  SCV  
  13  0:13  SCV  
  14  0:20  Supply Depot  
  14  0:26  SCV  
  15  0:40  Refinery  
  15  0:42  SCV  
  16  0:45  Barracks  
  16  0:54  SCV  
  17  1:06  SCV  
  18  1:18  SCV  
  19  1:33  Orbital Command  
  19  1:36  Supply Depot  
  19  1:37  Marine  
  20  1:53  Factory  
  20  1:55  Marine  
  20  2:00  SCV  
  22  2:10  Bunker  
  22  2:12  SCV  
  23  2:16  Marine  
  24  2:24  SCV  
  25  2:32  Refinery  
  25  2:36  SCV, Starport  
  26  2:38  Widow Mine  
  26  2:41  Marine  
  29  2:46  Supply Depot  
  29  2:48  SCV  
  30  2:51  Supply Depot  
  30  2:59  Marine  
  31  3:06  SCV  
  31  3:07  Widow Mine  
  33  3:16  Starport Tech Lab  
  33  3:19  Command Center  
  33  3:20  SCV  
  33  3:23  Marine  
  35  3:32  SCV, Missile Turret  
  36  3:44  SCV  
  36  3:45  Banshee  
  36  3:46  Cloaking Field  
  40  3:57  SCV, Widow Mine  
  43  4:09  SCV  
  44  4:15  Supply Depot  
  44  4:16  Marine  
  45  4:17  Supply Depot  
  45  4:21  SCV, Factory  
  46  4:31  Banshee  
  46  4:32  Factory Tech Lab  
  46  4:33  SCV  
  46  4:37  Orbital Command  
  50  4:45  SCV  
  51  4:57  SCV, Siege Tank  
  55  5:00  Missile Turret  
  55  5:07  Orbital Command  
  55  5:09  SCV  
  56  5:17  Banshee  
  59  5:21  SCV  
  60  5:28  Factory Tech Lab  
  60  5:33  SCV x2  
  59  5:45  SCV x2  
  61  5:50  Refinery  
  61  5:57  SCV  
  61  5:58  SCV  
  61  6:00  Medivac  
  61  6:02  Supply Depot  
  65  6:09  SCV  
  65  6:10  SCV  
  65  6:11  Siege Tank  
  70  6:15  Armory  
  70  6:18  Command Center  
  70  6:21  SCV, Missile Turret  
  70  6:22  SCV  
  72  6:27  Missile Turret  
  72  6:33  SCV  
  72  6:34  SCV  
  74  6:41  Factory  
  74  6:44  Supply Depot  
  74  6:45  SCV, Refinery  
  74  6:46  SCV  
  76  6:49  Armory  
  76  6:58  SCV x2  
  72  7:30  SCV  
  72  7:34  SCV  
  72  7:35  Orbital Command  
  72  7:36  Thor  
  79  7:37  Thor  
  79  7:38  Terran Vehicle and Ship Weapons Level 1  
  79  7:41  Command Center  
  79  7:42  SCV  
  86  7:46  SCV  
  87  7:54  SCV  
  87  7:55  Engineering Bay  
  87  7:56  Terran Vehicle And Ship Armor Level 1  
  88  7:58  Command Center  
  88  8:07  SCV  
  89  8:13  Factory Reactor  
  89  8:17  SCV  
  89  8:18  Raven  
  92  8:22  Orbital Command  
  92  8:23  Siege Tank  
  92  8:26  SCV  
  96  8:33  SCV  
  97  8:39  Refinery  
  97  8:40  SCV  
  97  8:41  Refinery, Missile Turret x2  
  98  8:43  Missile Turret  
  94  9:00  Widow Mine x2  
  98  9:09  SCV x3  
  101  9:21  SCV x3  
  104  9:25  Factory x2  
  104  9:32  Siege Tank  
  104  9:33  SCV, Factory  
  104  9:34  Sensor Tower  
  108  9:49  SCV  
  108  9:50  Siege Tank  
  108  9:51  Hellbat x2  
  116  10:02  SCV  
  116  10:03  SCV  
  116  10:04  Siege Tank  
  116  10:06  SCV  
  122  10:12  Factory Tech Lab, Factory Reactor, Hellbat  
  122  10:13  Planetary Fortress  
  124  10:15  Sensor Tower  
  124  10:22  Siege Tank  
  124  10:26  Terran Vehicle and Ship Weapons Level 2  
  127  10:35  Planetary Fortress  
  127  10:38  Viking  
  129  10:44  Factory Tech Lab  
  129  10:46  SCV x3  
  132  10:51  Terran Vehicle And Ship Armor Level 2  
  132  10:57  SCV  
  132  10:58  SCV x3  
  132  10:59  Missile Turret  
  132  11:00  Refinery  
  132  11:01  Refinery  
  136  11:08  Command Center  
  136  11:10  SCV x2  
  138  11:16  Starport  
  138  11:22  SCV  
  136  11:28  Starport  
  136  11:31  Starport  
  137  11:32  SCV  
  137  11:33  SCV x2  
  137  11:37  Supply Depot  
  137  11:38  Supply Depot x2  
  139  11:49  SCV x2  
  138  11:55  SCV x2  
  138  11:59  Thor  
  138  12:01  SCV  
  142  12:02  SCV  
  128  12:12  Starport Reactor  
  128  12:13  SCV, Viking, Starport Reactor  
  128  12:15  Starport Reactor  
  122  12:25  SCV  
  117  12:33  Orbital Command  
  113  12:37  SCV  
  113  12:41  Starport  
  113  12:43  Viking  
  95  12:47  SCV  
  95  12:49  SCV  
  95  12:50  Refinery  
  95  12:51  Viking x2, Refinery  
  95  12:52  Viking x2  
  95  12:57  Orbital Command  
  101  12:59  SCV  
  97  13:06  Siege Tank  
  97  13:11  SCV  
  91  13:13  Viking  
  91  13:20  SCV  
  91  13:21  Viking x2  
  91  13:23  SCV  
  97  13:29  Viking x2  
  101  13:35  SCV  
  101  13:40  Viking  
  99  13:45  Viking  
  99  13:47  SCV, Orbital Command  
  99  13:48  SCV  
  103  13:51  Viking  
  105  13:58  Viking  
  105  13:59  SCV, Viking  
  110  14:11  Viking x2  
  110  14:15  Hellbat x3  
  120  14:18  Raven  
  120  14:22  SCV  
  123  14:25  SCV  
  123  14:31  Fusion Core  
  124  14:33  SCV x3  
  124  14:34  SCV  
  128  14:42  Refinery  
  128  14:49  Refinery  
Show
View Real Time Build Order
Export as new Build Order

DeMusliM Protoss - Winner!

Build Orders:  

Get SALT Encoding   

  12  0:01  Probe  
  13  0:16  Pylon  
  13  0:19  Probe  
  14  0:34  Probe  
  15  0:35  Gateway  
  15  0:46  Probe  
  16  0:53  Assimilator  
  16  0:55  Assimilator  
  16  0:58  Probe (Chrono Boost)  
  17  1:08  Probe (Chrono Boost)  
  18  1:16  Probe (Chrono Boost)  
  19  1:23  Cybernetics Core  
  20  1:26  Probe (Chrono Boost)  
  20  1:33  Probe  
  20  1:38  Pylon  
  21  1:46  Probe  
  22  1:59  Robotics Facility  
  22  2:01  Stalker (Chrono Boost)  
  22  2:05  Probe  
  25  2:10  Warp Gate  
  25  2:17  Probe  
  26  2:29  Probe  
  27  2:34  Pylon  
  27  2:41  Probe (Chrono Boost)  
  28  2:48  Observer  
  30  2:51  Probe (Chrono Boost)  
  30  2:52  Twilight Council  
  30  2:58  Probe  
  31  3:06  Pylon  
  31  3:12  Observer  
  32  3:14  Probe  
  32  3:19  Nexus  
  33  3:26  Probe  
  34  3:30  Stalker  
  36  3:38  Probe (Chrono Boost)  
  37  3:42  Observer (Chrono Boost)  
  37  3:47  Robotics Bay  
  38  3:50  Probe (Chrono Boost)  
  39  4:00  Probe (Chrono Boost)  
  39  4:01  Pylon  
  40  4:03  Forge  
  40  4:10  Probe  
  40  4:16  Pylon  
  41  4:18  Pylon  
  41  4:25  Stalker  
  41  4:31  Probe  
  44  4:44  Photon Cannon x2  
  44  4:48  Probe x2  
  50  5:00  Probe  
  50  5:01  Disruptor  
  50  5:02  Protoss Ground Weapons Level 1  
  50  5:06  Probe  
  51  5:12  Probe (Chrono Boost)  
  52  5:18  Probe (Chrono Boost)  
  52  5:20  Assimilator  
  53  5:21  Assimilator  
  53  5:24  Probe (Chrono Boost)  
  54  5:34  Probe x2 (Chrono Boost)  
  56  5:39  Warp Prism  
  56  5:40  Gateway  
  56  5:41  Gateway  
  56  5:42  Gravitic Drive (Chrono Boost)  
  58  5:47  Probe x2 (Chrono Boost)  
  60  5:52  Pylon  
  58  6:16  Photon Cannon  
  58  6:18  Pylon  
  58  6:24  Probe x2  
  64  6:29  Disruptor  
  64  6:34  Extended Thermal Lance  
  64  6:36  Probe, Nexus  
  64  6:37  Probe  
  64  6:38  Disruptor  
  66  6:44  Pylon  
  66  6:49  Stalker  
  66  6:50  Stalker  
  70  6:55  Probe x2  
  70  6:58  Protoss Ground Weapons Level 2 (Chrono Boost)  
  72  7:05  Warp Prism  
  73  7:19  Probe x2  
  71  7:33  Probe x2  
  73  7:37  Gateway  
  73  7:39  Gateway  
  73  7:42  Gateway  
  73  7:44  Stargate  
  73  7:45  Probe x2  
  73  7:46  Stargate  
  73  7:48  Probe  
  76  7:56  Pylon  
  76  7:57  Probe x2  
  78  8:00  Probe  
  78  8:01  Colossus (Chrono Boost)  
  85  8:09  Probe x2  
  85  8:10  Assimilator x2  
  85  8:11  Zealot  
  85  8:12  Probe  
  90  8:14  Disruptor  
  90  8:21  Probe, Pylon  
  91  8:28  Probe x2  
  91  8:30  Pylon  
  91  8:32  Pylon  
  93  8:34  Fleet Beacon  
  93  8:35  Protoss Air Weapons Level 1 (Chrono Boost)  
  93  8:52  Zealot  
  93  8:53  Zealot x2  
  99  8:59  Carrier x2 (Chrono Boost)  
  87  9:05  Probe x2  
  87  9:06  Probe  
  90  9:13  Pylon  
  90  9:14  Stargate  
  90  9:16  Pylon  
  90  9:17  Probe, Pylon  
  90  9:18  Probe x2  
  90  9:23  Graviton Catapult  
  105  9:26  Nexus  
  105  9:28  Pylon  
  105  9:29  Pylon  
  105  9:31  Pylon  
  105  9:33  Gateway  
  105  9:35  Gateway  
  105  9:38  Protoss Ground Armor Level 1 (Chrono Boost)  
  105  9:48  Photon Cannon  
  105  9:51  Photon Cannon  
  105  9:52  Carrier (Chrono Boost)  
  105  9:58  Stalker  
  105  9:59  Zealot x3  
  113  10:03  Probe x3  
  121  10:15  Probe x2  
  121  10:18  Carrier x2 (Chrono Boost)  
  123  10:30  Photon Cannon  
  123  10:32  Colossus  
  123  10:33  Photon Cannon  
  123  10:35  Zealot x3  
  147  10:44  Carrier (Chrono Boost)  
  147  10:48  Protoss Air Weapons Level 2 (Chrono Boost)  
  147  10:53  Probe  
  147  10:55  Probe x2, Assimilator  
  147  10:56  Assimilator  
  150  10:57  Probe  
  151  11:05  Blink (Chrono Boost)  
  151  11:09  Zealot x3  
  151  11:10  Zealot x2  
  165  11:18  Carrier (Chrono Boost)  
  165  11:25  Zealot x3  
  171  11:28  Dark Shrine  
  177  11:38  Carrier (Chrono Boost)  
  177  11:39  Carrier (Chrono Boost)  
  177  11:40  Pylon  
  157  12:15  Carrier (Chrono Boost)  
  155  12:17  Stargate  
  155  12:18  Stargate  
  155  12:22  Zealot x4  
  163  12:26  Nexus  
  163  12:28  Pylon  
  163  12:29  Pylon  
  169  12:33  Assimilator  
  165  12:37  Assimilator  
  165  12:38  Protoss Ground Armor Level 2 (Chrono Boost)  
  165  12:42  Dark Templar x2  
  165  12:44  Zealot x4  
  177  12:51  Carrier (Chrono Boost)  
  177  13:01  Carrier (Chrono Boost)  
  185  13:33  Photon Cannon  
  185  13:35  Photon Cannon  
  185  13:37  Photon Cannon  
  185  13:39  Photon Cannon  
  185  13:41  Pylon  
  185  13:43  Pylon  
  185  13:45  Templar Archives, Pylon  
  185  13:46  Photon Cannon  
  185  13:50  Carrier (Chrono Boost)  
  185  13:57  Carrier (Chrono Boost)  
  191  14:19  Nexus, Pylon  
  191  14:21  Pylon  
  191  14:23  Pylon x2  
  197  14:25  Assimilator  
  197  14:27  Assimilator  
  197  14:48  Photon Cannon  
  197  14:52  Photon Cannon  
  190  14:57  Photon Cannon  
  184  15:00  Photon Cannon  
Tags
 
Composition
Mech
Matchup
PvT
Replay Pack
winter
Spawn Locations
Cross Positions
Strategy
Banshee Rush
Add a new tag
Caveats
  • Supply blocks, unpowered buildings, or Contaminate may cause inaccurate times.
  • Supply counts are checked every 10 seconds.